 Dungeon Crawl Stone Soup version 0.19.5 (webtiles) character file.

259 Goboxel the Slasher (level 5, 0/69 HPs)
             Began as a Draconian Gladiator on May 3, 2017.
             Slain by an orc wizard
             ... wielding a cursed +0 dagger
              (2 damage)
             ... on level 4 of the Dungeon.
             The game lasted 00:03:49 (2707 turns).

Goboxel the Slasher (Draconian Gladiator)           Turns: 2707, Time: 00:03:49

Health: 0/69       AC: 22    Str: 17    XL:     5   Next: 94%
Magic:  5/5        EV:  2    Int:  8    God:
Gold:   82         SH:  0    Dex: 17    Spells: 0 memorised, 4 levels left

rFire  . . .     SeeInvis .     a - +0 long sword
rCold  . . .     Gourm    +     (armour unavailable)
rNeg   + + +     Faith    .     (no shield)
rPois  +         Spirit   .     (helmet currently unavailable)
rElec  .         Reflect  .     (cloak currently unavailable)
rCorr  .         Harm     .     (gloves currently unavailable)
MR     .....     NoTele   +     (boots currently unavailable)
Stlth  ++........               u - amulet of the gourmand
                                (no ring)
                                l - +4 ring of dexterity

@: tree-form
A: unfitting armour, (cold-blooded), AC +5
a: no special abilities


You were on level 4 of the Dungeon.
You were very hungry.
You were a tree.
You visited 1 branch of the dungeon, and saw 4 of its levels.

You collected 82 gold pieces.

Inventory:

Hand Weapons
 a - a +0 long sword (weapon)
Missiles
 c - 3 throwing nets (quivered)
Armour
 b - a +0 hat (melded)
 h - a +0 cloak (melded)
Jewellery
 l - a +4 ring of dexterity (left branch)
 u - an amulet of the gourmand (around neck)
Wands
 t - a wand of iceblast (3/15)
Scrolls
 e - 2 scrolls of magic mapping {unknown}
 g - 2 scrolls of remove curse {unknown}
 m - a scroll of random uselessness {unknown}
 n - a scroll of amnesia {unknown}
 p - a scroll of immolation {unknown}
 q - a scroll of teleportation {unknown}
 r - a scroll of fear {unknown}
Potions
 i - a potion of cancellation
 o - a potion of lignification
Comestibles
 d - 3 bread rations
 f - a meat ration
 k - a slice of pizza
 v - a beef jerky


   Skills:
 + Level 3.7 Fighting
 * Level 5.1 Long Blades
 - Level 1.7 Throwing
 + Level 3.4 Dodging
 - Level 1.7 Stealth


You had 4 spell levels left.
You didn't know any spells.

Dungeon Overview and Level Annotations

Branches:
Dungeon (4/15)
 Temple: D:4-7

Altars:
Dithmenos
Ru
Sif Muna

Annotations:
D:3 Sigmund


Innate Abilities, Weirdness & Mutations

((Your plain brown scales are hard. (AC +5)))
You cannot fit into any form of body armour.
((You are cold-blooded and may be slowed by cold attacks.))


Message History

The phantom hits you.
* * * LOW HITPOINT WARNING * * *
The orc wizard hits you but does no damage.
Unknown command.
You closely miss the orc wizard.
The orc wizard is lightly wounded.
The phantom barely misses you. The orc wizard barely misses you.
The orc priest calls upon Beogh to heal the orc wizard.
The orc wizard's wounds heal themselves!
The phantom hits you!
* * * LOW HITPOINT WARNING * * *
The phantom blinks!
Unknown command.
You turn into a tree.
Your +0 cloak melds into your body.
Your +0 hat melds into your body.
Your roots penetrate the ground.
The orc wizard barely misses you.
You slash the orc wizard!
The orc wizard is severely wounded.
The orc wizard hits you with a dagger.
You die...

#.# #.# .. #.# #. #.# #.
#######.# ###
##.###.......#
....#...##.#######
#..........##########..#
#..............§♣ooooW.#
...........###########.#
##.....##.########
##...............
################


You could see a phantom, an orc priest, an orc wizard and 2 orcs.

Vanquished Creatures
  A scorpion (D:4)
  An orc priest (D:3)
  A human zombie (D:3)
  Terence (D:2)
  5 adders
  A worm (D:3)
  5 dart slugs
  3 leopard geckos
  7 orcs
  4 giant cockroaches
  4 goblins
  7 hobgoblins
  3 jackals (D:1)
  8 kobolds
  A bat (D:2)
  6 frilled lizards
  9 rats
67 creatures vanquished.

Notes
Turn   | Place    | Note
-------+----------+-------------------------------------------
     0 | D:1      | Goboxel the Draconian Gladiator began the quest for the Orb.
     0 | D:1      | Reached XP level 1. HP: 17/17 MP: 1/1
   254 | D:1      | Reached XP level 2. HP: 16/25 MP: 2/2
  1284 | D:2      | Reached XP level 3. HP: 29/30 MP: 3/3
  1292 | D:2      | Found a deep blue altar of Sif Muna.
  1421 | D:2      | Found a shadowy altar of Dithmenos.
  1449 | D:2      | Noticed Terence
  1466 | D:2      | Killed Terence
  1466 | D:2      | Reached skill level 4 in Long Blades
  1466 | D:2      | Reached XP level 4. HP: 27/38 MP: 4/4
  1731 | D:2      | Found a sacrificial altar of Ru.
  2016 | D:3      | Reached skill level 1 in Stealth
  2128 | D:3      | Reached XP level 5. HP: 32/45 MP: 5/5
  2195 | D:3      | Noticed Sigmund
  2632 | D:4      | Reached skill level 5 in Long Blades
  2673 | D:4      | Noticed a phantom
  2705 | D:4      | HP: 1/46 [phantom (7)]
  2707 | D:4      | Slain by an orc wizard

Skill      XL: |  1  2  3  4  5 |
---------------+----------------+-----
Fighting       | 3 |  3.7
Dodging        | 3 |  3.4
Long Blades    | 4 5 |  5.1
Stealth        | 1 |  1.7
Throwing       | |  1.7

Action                   |  1- 3 |  4- 6 || total
-------------------------+-------+-------++-------
Melee: Long sword        |    87 |    99 ||   186
       Tailslap          |    13 |    17 ||    30
  Use: Scroll            |       |     3 ||     3
       Potion            |       |     2 ||     2
 Stab: Sleeping          |       |     2 ||     2
  Eat: Chunk             |     2 |     5 ||     7
Armor: Skin              |    26 |    18 ||    44
Dodge: Dodged            |    70 |    72 ||   142
       Rpst.: Long sword |    26 |    17 ||    43
